 Dungeon Crawl Stone Soup version 0.28-a0-750-g7c675f85b1 (webtiles) character file.

Game seed: 11949504921317438933

115 Leeroy the Insei (level 4, -1/35 HPs)
             Began as a Draconian Transmuter on Oct 29, 2021.
             Shot with an arrow by a centaur (4 damage)
             ... on level 6 of the Dungeon.
             The game lasted 00:03:16 (1947 turns).

Leeroy the Insei (Draconian Transmuter)             Turns: 1947, Time: 00:03:16

Health: -1/35      AC:  7    Str: 12    XL:     4   Next: 68%
Magic:  7/7        EV: 12    Int: 14    God:
Gold:   129        SH:  0    Dex: 12    Spells: 3/7 levels left

rFire   . . .      SeeInvis .     - Unarmed
rCold   . . .      Faith    .   (no shield)
rNeg    . . .      Spirit   .   (armour unavailable)
rPois   .          Reflect  .   (helmet restricted)
rElec   .          Harm     .   b - +0 cloak {Stlth+}
rCorr   .          Rampage  .   (no gloves)
Will    .....                   c - +0 pair of boots
Stlth   ++........              (no amulet)
HPRegen 0.11/turn               (no ring)
MPRegen 0.10/turn               (no ring)

@: no status effects
A: AC +5, unfitting armour, cold-blooded
a: no special abilities


You were on level 6 of the Dungeon.
You visited 1 branch of the dungeon, and saw 6 of its levels.

You collected 129 gold pieces.

Inventory:

Hand Weapons
 g - a +2 spear of venom
Armour
 b - a +0 cloak of stealth (worn)
 c - a +0 pair of boots (worn)
 h - a +1 cloak
Scrolls
 d - a scroll of identify {unknown}
 e - 2 scrolls of amnesia {unknown}
 f - a scroll of torment {unknown}
 j - a scroll of teleportation {unknown}
 l - a scroll of silence {unknown}
 m - a scroll of blinking {unknown}
Potions
 a - 3 potions of curing {unknown}
 i - a potion of berserk rage {unknown}
 k - a potion of brilliance {unknown}
 n - a potion of magic {unknown}


   Skills:
 - Level 1.1 Fighting
 - Level 1.7 Dodging
 + Level 5.5 Unarmed Combat
 - Level 2.0 Spellcasting
 - Level 2.0 Transmutations


You had 3 spell levels left.
You knew the following spells:

 Your Spells              Type           Power      Damage    Failure   Level
a - Beastly Appendage     Tmut           14%        N/A       11%         1
b - Spider Form           Tmut/Pois      2%         N/A       43%         3

Your spell library contained the following spells:

 Spells                   Type           Power      Damage    Failure   Level
 Wereblood                Tmut           7%         N/A       16%         2
 Ice Form                 Ice/Tmut       4%         N/A       83%         4


Dungeon Overview and Level Annotations

Branches:
Dungeon (5/15)
 Temple: D:4-7

Altars:
Zin

Shops:
D:2 =


Innate Abilities, Weirdness & Mutations

Your plain brown scales are hard. (AC +5)
You cannot fit into any form of body armour.
You are cold-blooded and may be slowed by cold attacks.


Message History

There is an escape hatch in the ceiling here.
A mysterious force pulls you upwards. The hatch slams shut behind you.
Found a quarterstaff, 9 bolts and 28 gold pieces.
A gnoll comes into view. It is wielding a +0 flail.
The gnoll shouts!
A gnoll comes into view. It is wielding a +0 whip.
Casting: Beastly Appendage (safe; 11% risk of failure)
Confirm with . or Enter, or press ? or * to list all spells.
The spell is quite dangerous to cast (43% risk of failure)!
Continue anyway?
You miscast Spider Form.
You are very lightly contaminated with residual magic.
Nothing appears to happen.
Casting: Spider Form (quite dangerous; 43% risk of failure)
Confirm with . or Enter, or press ? or * to list all spells.
The spell is quite dangerous to cast (43% risk of failure)!
Continue anyway?
You miscast Spider Form.
You feel a strange surge of energy.
You fall into a shaft and drop 2 floors!
The shaft crumbles and collapses.
Found a club.
Unknown command.
You start resting.
Your magical contamination has completely faded away.
You start resting.
Magic restored.
A hound, an orc and a centaur come into view.
The centaur shouts!
The centaur wields a +0 shortbow.
The centaur shoots an arrow.
The arrow hits you.
An orc priest comes into view. It is wielding a +0 war axe.
Found a stone staircase leading up.
Found 11 gold pieces.
The centaur shoots an arrow.
The arrow hits you!
Found a war axe.
The centaur shoots an arrow.
The arrow hits you!
The centaur shoots an arrow.
The arrow hits you!
* * * LOW HITPOINT WARNING * * *
The centaur shoots an arrow.
The arrow hits you.
* * * LOW HITPOINT WARNING * * *
There is a stone staircase leading up here.
The centaur shoots an arrow.
The arrow hits you.
You die...

###..#...#.o#......
.....c..#..#.....h
..................
.#....o##........
#.....##......o.
#..........)...#
#....##........
...##...##........
.......@...#..#...
........##....#
.)...$... .....
.......... ....
........... #.
............
.............
#.............


You could see a centaur and an orc.

Vanquished Creatures
  An orc priest (D:1)
  A howler monkey zombie (D:5)
  3 adders (D:2)
  5 orcs
  2 endoplasms
  3 giant cockroaches
  4 goblins
  2 hobgoblins (D:1)
  3 quokkas
  4 ball pythons
  9 bats
  A frilled lizard (D:2)
  3 kobolds
  2 rats (D:1)
43 creatures vanquished.

Vanquished Creatures (others)
  5 plants (D:1)
5 creatures vanquished.

Grand Total: 48 creatures vanquished

Notes
Turn   | Place    | Note
-------+----------+-------------------------------------------
     0 | D:1      | Leeroy the Draconian Transmuter began the quest for the
                  | Orb.
     0 | D:1      | Reached XP level 1. HP: 16/16 MP: 3/3
   250 | D:1      | Reached XP level 2. HP: 23/23 MP: 5/5
   714 | D:1      | Reached skill level 4 in Unarmed Combat
   990 | D:2      | Reached XP level 3. HP: 24/28 MP: 4/6
  1030 | D:2      | Found Nihozuwa's Jewellery Shoppe.
  1183 | D:2      | Reached XP level 4. HP: 26/35 MP: 7/7
  1188 | D:2      | Reached skill level 5 in Unarmed Combat
  1590 | D:2      | Learned a level 3 spell: Spider Form
  1778 | D:3      | You fall into a shaft and drop 2 floors!
  1778 | D:5      | Entered Level 5 of the Dungeon
  1820 | D:4      | Found a glowing silver altar of Zin.
  1854 | D:5      | Noticed a black bear
  1880 | D:4      | You fall into a shaft and drop 2 floors!
  1937 | D:6      | Noticed a centaur
  1947 | D:6      | Shot with an arrow by a centaur

Illustrated notes

Levels and vault maps discovered:
D:1:      roderic_crop_circles_arrival_small, layout_basic,
          minmay_misc_feat_plants
D:2:      layout_rooms, serial_shops, shop, kennysheep_donut
D:3:      layout_rooms, nicolae_uskayaw_dance_hall, guppyfry_early_lair_pool
D:4:      layout_cave_pools, dk_xom_monty_hall, nicolae_overflow_hidden_temple,
          minmay_temple_entry_gardened_gates, serial_shops,
          nicolae_stop_n_shop_2, uniq_blork_the_orc
D:5:      layout_loops_ring, serial_shops, shop
D:6:      layout_cave_pools

Skill      XL: |  1  2  3  4 |
---------------+-------------+-----
Unarmed Combat | 4 5 |  5.5
Fighting       | |  1.1
Dodging        | |  1.7
Spellcasting   | |  2.0
Transmutations | |  2.0

Action                   |  1- 3 |  4- 6 || total
-------------------------+-------+-------++-------
Melee: Unarmed           |   107 |    42 ||   149
       Tailslap          |     8 |     4 ||    12
       Punch             |     2 |     1 ||     3
       Headbutt          |     4 |     3 ||     7
       Kick              |     4 |     4 ||     8
 Cast: Beastly Appendage |     3 |     3 ||     6
 Stab: Sleeping          |     2 |     2 ||     4
Armor: Skin              |    48 |     8 ||    56
Dodge: Dodged            |   103 |    25 ||   128

Table legend: (Time is in decaauts)
 A = Elapsed time spent in this place.
 B = Non-inter-level travel time spent in this place.
 C = Inter-level travel time spent in this place.
 D = Time resting spent in this place.
 E = Time spent auto-exploring this place.
 F = Levels seen in this place.
 G = Mean time per level.
                   A        B        C        D        E       F      G
               +--------+--------+--------+--------+--------+-----+--------+
         Total |   1941 |   1827 |    114 |    156 |   1281 |   6 |  323.5 |
       Dungeon |   1941 |   1827 |    114 |    156 |   1281 |   6 |  323.5 |
               +--------+--------+--------+--------+--------+-----+--------+

Top non-repeatable levels by time:
     D:1: 995 daAuts
     D:2: 757 daAuts
     D:5: 73 daAuts
     D:6: 66 daAuts
     D:4: 28 daAuts
     D:3: 19 daAuts
